Map: Berlingrad LE

Players

Lambo - Winner!

  • Race: Zerg Zerg
  • League: Grandmaster

ShoWTimE

  • Race: Protoss Protoss
  • League: Grandmaster

Event: DreamHack SC2 Masters Last Chance 2022

VOD

Have the link to the VOD?

Description

Time

  • Played on: Dec. 19, 2021, 6:40 p.m.
  • Length: 7:25

All games in this series

Show
View Real Time Build Order
Export as new Build Order

Lambo Zerg - Winner!

Build Orders: Hatch First 

Get SALT Encoding   

  12  0:00  Drone  
  13  0:12  Overlord  
  13  0:17  Drone  
  14  0:30  Drone x2  
  16  0:47  Hatchery  
  15  0:50  Drone  
  15  0:54  Drone  
  17  0:57  Drone  
  18  1:08  Extractor  
  17  1:12  Spawning Pool  
  16  1:19  Drone x2  
  18  1:27  Drone  
  19  1:38  Drone  
  20  1:52  Drone  
  21  2:00  Zergling x2, Queen x2  
  21  2:01  Overlord  
  26  2:12  Drone x2  
  26  2:14  Metabolic Boost  
  28  2:21  Drone  
  28  2:22  Drone  
  30  2:33  Drone x2  
  32  2:38  Queen  
  34  2:47  Hatchery  
  32  2:52  Overlord  
  32  2:56  Zergling x6  
  35  3:10  Queen  
  35  3:11  Zergling x2  
  38  3:15  Drone x5  
  43  3:22  Overlord  
  43  3:24  Spore Crawler  
  42  3:27  Drone  
  43  3:40  Drone  
  44  3:42  Drone x4  
  44  3:43  Queen  
  44  3:47  Drone x2  
  50  3:53  Drone x2  
  51  3:58  Overlord  
  51  4:00  Overlord  
  51  4:01  Overlord  
  50  4:08  Queen  
  50  4:09  Overlord  
  52  4:10  Drone  
  52  4:12  Drone  
  52  4:13  Drone  
  52  4:15  Drone  
  52  4:16  Drone  
  57  4:19  Drone  
  57  4:20  Drone  
  57  4:22  Drone  
  57  4:24  Drone x2  
  62  4:28  Overlord  
  62  4:29  Drone  
  63  4:32  Drone x2  
  63  4:37  Roach Warren  
  64  4:39  Extractor  
  64  4:41  Drone, Extractor  
  64  4:45  Drone x2  
  65  4:48  Drone x4  
  69  4:53  Spore Crawler  
  69  4:54  Spore Crawler  
  69  4:57  Overlord  
  69  4:59  Overlord  
  67  5:02  Overlord  
  67  5:03  Overlord  
  67  5:05  Overlord  
  67  5:09  Overlord  
  67  5:10  Extractor  
  67  5:11  Overlord x2  
  66  5:17  Overlord  
  66  5:26  Roach x6  
  66  5:28  Roach  
  80  5:33  Roach x3  
  86  5:36  Roach  
  86  5:38  Zergling x4  
  86  5:41  Queen  
  92  5:43  Zergling x2  
  92  5:47  Zergling x8  
  97  5:51  Zergling x2  
  97  5:52  Ravager x3  
  97  5:54  Zergling x4  
  97  5:56  Zergling x4  
  105  5:58  Ravager  
  105  6:00  Zergling x4  
  105  6:03  Zergling x4  
  110  6:06  Ravager, Zergling x2  
  112  6:12  Zergling x2  
  112  6:13  Zergling x6  
  112  6:14  Ravager  
  112  6:17  Ravager  
  117  6:20  Zergling x2  
  117  6:24  Zergling x2  
  117  6:25  Zergling x6  
  119  6:30  Zergling x4  
  113  6:36  Zergling x2  
  113  6:38  Ravager  
  113  6:39  Ravager, Zergling x4  
  105  6:44  Zergling x4  
  105  6:45  Queen, Roach  
  105  6:46  Queen  
  102  6:51  Zergling x10  
  102  6:53  Zergling x2  
  102  6:59  Zergling x4  
  103  7:06  Zergling x2  
Show
View Real Time Build Order
Export as new Build Order

ShoWTimE Protoss 

Build Orders: 1 Gate Expand, Oracle Opening 

Get SALT Encoding   

  12  0:00  Probe  
  13  0:12  Probe  
  14  0:18  Pylon  
  14  0:24  Probe (Chrono Boost)  
  15  0:36  Probe (Chrono Boost)  
  15  0:37  Gateway  
  16  0:45  Assimilator, Probe (Chrono Boost)  
  17  0:50  Probe  
  18  1:03  Probe  
  19  1:15  Probe  
  20  1:21  Nexus  
  20  1:32  Cybernetics Core  
  20  1:35  Probe  
  21  1:42  Assimilator  
  22  1:47  Probe  
  22  1:49  Pylon  
  22  1:59  Probe  
  23  2:05  Adept (Chrono Boost)  
  25  2:11  Probe  
  26  2:20  Stargate  
  26  2:23  Probe  
  26  2:26  Adept (Chrono Boost)  
  29  2:33  Pylon  
  29  2:34  Probe (Chrono Boost)  
  29  2:36  Warp Gate  
  30  2:44  Probe (Chrono Boost)  
  30  2:45  Probe (Chrono Boost)  
  30  2:48  Adept  
  33  2:52  Probe x2  
  35  3:03  Oracle (Chrono Boost)  
  35  3:04  Probe  
  35  3:05  Probe  
  37  3:12  Pylon  
  40  3:16  Probe  
  40  3:17  Probe  
  42  3:20  Adept  
  42  3:25  Gateway  
  44  3:28  Probe  
  44  3:29  Probe  
  46  3:36  Oracle (Chrono Boost)  
  46  3:40  Probe  
  46  3:41  Probe, Pylon  
  51  3:52  Probe  
  51  3:53  Probe  
  47  4:01  Nexus  
  47  4:04  Probe  
  47  4:05  Oracle (Chrono Boost)  
  51  4:10  Assimilator  
  51  4:11  Probe  
  51  4:14  Assimilator  
  51  4:16  Probe  
  53  4:20  Pylon  
  53  4:23  Probe  
  54  4:26  Adept  
  54  4:27  Adept  
  54  4:29  Probe  
  59  4:35  Probe  
  60  4:41  Robotics Facility, Probe  
  61  4:48  Probe, Forge  
  62  4:53  Probe  
  62  4:57  Sentry x2  
  62  4:58  Gateway  
  67  5:00  Probe  
  67  5:05  Probe  
  69  5:08  Gateway  
  69  5:12  Probe  
  71  5:14  Probe  
  71  5:17  Probe  
  72  5:22  Shield Battery  
  72  5:24  Probe  
  72  5:26  Photon Cannon, Probe  
  72  5:27  Immortal (Chrono Boost)  
  74  5:31  Probe  
  79  5:36  Probe, Sentry  
  79  5:38  Probe  
  83  5:47  Photon Cannon  
  83  5:49  Shield Battery  
  84  5:51  Photon Cannon  
  84  5:54  Robotics Bay  
  83  5:57  Shield Battery  
  83  6:00  Shield Battery  
  83  6:03  Photon Cannon  
  83  6:11  Adept  
  85  6:18  Pylon  
  85  6:20  Shield Battery  
  85  6:21  Pylon  
  85  6:23  Pylon  
  85  6:31  Stalker  
  85  6:33  Immortal (Chrono Boost)  
  85  6:36  Shield Battery  
  85  6:37  Stalker x3  
  71  7:01  Stalker x4, Pylon  

Tags
 
Add a new tag
Caveats
  • Supply blocks, unpowered buildings, or Contaminate may cause inaccurate times.
  • Supply counts are checked every 10 seconds.